 Dungeon Crawl Stone Soup version 0.26.0-10-g1f06aea511 (webtiles) character file.

Game seed: 11866015849843716232

67244 wakim the Spry (level 15, -1/119 HPs)
             Began as a Merfolk Transmuter on Jan 25, 2021.
             Was the Champion of Cheibriados.
             Slain by a six-headed hydra (2 damage)
             ... while petrified by a basilisk
             ... on level 3 of the Lair of Beasts.
             The game lasted 01:17:50 (16124 turns).

wakim the Spry (Merfolk Transmuter)                Turns: 16124, Time: 01:17:51

Health: -1/119     AC:  6    Str: 27    XL:     15   Next: 22%
Magic:  24/24      EV:  5    Int: 32    God:    Cheibriados [******]
Gold:   1127       SH:  0    Dex: 35    Spells: 10/26 levels left

rFire    . . .     SeeInvis .     - Unarmed
rCold    . . .     Faith    .   (shield currently unavailable)
rNeg     + + +     Spirit   .   (armour currently unavailable)
rPois    ∞         Reflect  .   (helmet currently unavailable)
rElec    .         Harm     .   (cloak currently unavailable)
rCorr    .         Rampage  .   (gloves currently unavailable)
Will     +....                  (boots currently unavailable)
Stlth    +++.......             B - amulet of the acrobat
HPRegen  0.29/turn              v - +4 ring of protection
MPRegen  0.19/turn              F - ring of poison resistance

@: spider-form (expiring), petrified, wereblooded, very slow
A: tiny, (change form in water), (swift swim), (stealthy swim)
a: End Transformation, Renounce Religion, Bend Time, Temporal Distortion,
Slouch, Step From Time


You were on level 3 of the Lair of Beasts.
You worshipped Cheibriados.
Cheibriados was exalted by your worship.
You were a venomous arachnid creature.
You visited 3 branches of the dungeon, and saw 16 of its levels.
You also visited: Bailey.

You collected 1127 gold pieces.

Inventory:

Missiles
 b - 17 boomerangs
 p - 8 curare-tipped darts
 x - 8 atropa-tipped darts
 I - 32 poisoned darts
Armour
 l - a +0 pair of boots (melded)
 m - a +1 ring mail of cold resistance
 t - a +0 tower shield
 y - a +1 pair of gloves (melded)
 A - a +0 cloak (melded)
 C - a +4 chain mail (melded)
 G - a +0 kite shield (melded)
Jewellery
 q - an uncursed ring of fire
 v - a +4 ring of protection (left front leg)
 z - an uncursed ring of see invisible
 B - an amulet of the acrobat (around neck)
 D - an uncursed ring of ice
 F - a ring of poison resistance (right front leg)
 H - an uncursed ring of positive energy
Scrolls
 a - 7 scrolls of amnesia
 c - 4 scrolls of enchant weapon
 d - 8 scrolls of teleportation
 e - 13 scrolls of identify
 f - a scroll of fear
 g - 4 scrolls of blinking
 i - 8 scrolls of remove curse
 k - 3 scrolls of enchant armour
 s - 9 scrolls of magic mapping
 w - 10 scrolls of fog
Potions
 h - a potion of brilliance
 j - a potion of cancellation {unknown}
 n - 7 potions of heal wounds
 o - 5 potions of curing
 r - 6 potions of flight
 E - a potion of invisibility


   Skills:
 * Level 11.2 Fighting
 - Level 4.0 Throwing
 * Level 15.2 Dodging
 + Level 3.0 Shields
 * Level 14.1 Unarmed Combat
 - Level 6.0 Spellcasting
 - Level 10.0 Transmutations
 - Level 4.0 Ice Magic
 - Level 4.0 Poison Magic
 + Level 6.5 Invocations


You had 10 spell levels left.
You knew the following spells:

 Your Spells              Type           Power        Failure   Level
a - Beastly Appendage     Tmut           100%         1%          1
b - Wereblood             Tmut           65%          1%          2
c - Spider Form           Tmut/Pois      26%          4%          3
d - Blade Hands           Tmut           32%          8%          5
e - Sting                 Tmut/Pois      100%         2%          1
f - Ice Form              Ice/Tmut       53%          10%         4

Your spell library contained the following spells:

 Spells                   Type           Power        Failure   Level
 Freeze                   Ice            100%         4%          1
 Ignite Poison            Fire/Tmut/Pois 39%          8%          3
 Poisonous Vapours        Pois/Air       44%          11%         2
 Summon Small Mammal      Summ           36%          14%         1
 Call Imp                 Summ           9%           19%         2
 Mephitic Cloud           Conj/Pois/Air  18%          22%         3
 Olgreb's Toxic Radiance  Pois           35%          22%         4
 Call Canine Familiar     Summ           9%           32%         3
 Summon Lightning Spire   Summ/Air       9%           63%         4
 Summon Demon             Summ           4%           90%         5
 Conjure Ball Lightning   Conj/Air       4%           100%        6
 Tornado                  Air            4%           100%        9


Dungeon Overview and Level Annotations

Branches:
Dungeon (12/15)            Temple (1/1) D:4            Lair (3/6) D:10
  Swamp (0/4) Lair:2          Orc (0/2) D:9          Bailey (visited)
  Snake: Lair:2-4    Spider: Lair:2-4

Altars:
Ashenzari
Cheibriados
Dithmenos
Elyvilon
Hepliaklqana
Makhleb
Nemelex Xobeh
Qazlal
Sif Muna
Xom
Yredelemnul

Shops:
D:9 *

Annotations:
D:5 1 runed translucent door, Amaterasu's ghost, novice GrFi
D:7 1 runed translucent door
Lair:1 exclusion: 3 oklob plants
Lair:3 3 runed translucent doors, Luuwnalu's ghost, journeyman KoHu


Message History

The six-headed hydra bites you but does no damage.
The six-headed hydra bites you!
* * * LOW HITPOINT WARNING * * *
The six-headed hydra bites you!
* * * LOW HITPOINT WARNING * * *
The six-headed hydra barely misses you. The six-headed hydra bites you!
* * * LOW HITPOINT WARNING * * *
The wolf bites you but does no damage. The wolf bites you.
* * * LOW HITPOINT WARNING * * *
The wolf barely misses you. The wolf bites you.
* * * LOW HITPOINT WARNING * * *
The wolf bites you.
* * * LOW HITPOINT WARNING * * *
The basilisk bites you!
* * * LOW HITPOINT WARNING * * *
The six-headed hydra barely misses you.
The six-headed hydra bites you but does no damage.
The six-headed hydra bites you.
You die...

.....................
.............>..#..##...
...............P# #..#
..?..............# #...
................# #..P
.............[..# ##..#
................## #....
..?.....h........# ###...
........shh.....####.#.h.
.......hlD...†..§§.......
.............^..§§§......
..#.#P#.....#.##.§P......
# #####..#####..###P...
....# #...# ##... #.#...#
##..# #... ......## P.S.
#... ..P...# #h..P# #...


You could see a six-headed hydra (very poisoned), a basilisk (poisoned) and 4
wolves.

Vanquished Creatures
  An orc warlord (Bailey)
  Harold (D:9)
  Fannar (D:12)
  3 hydras
  Erica (D:9)
  2 two-headed ogres
  Nergalle (Lair:2)
  4 skeletal warriors (D:8)
  2 bog bodies (Lair:2)
  An orc knight (Bailey)
  A cyclops (D:11)
  2 ugly things (D:11)
  5 elephants (Lair:2)
  A centaur zombie (D:12)
  A black mamba (Lair:3)
  An ice statue (D:11)
  Psyche (D:10)
  Maggie (Lair:2)
  3 cane toads (Lair:1)
  A komodo dragon (Lair:1)
  A kobold demonologist (D:11)
  3 trolls
  A polar bear (Lair:3)
  Grinder (D:5)
  10 blink frogs (Lair:1)
  Sigmund (D:4)
  3 wyverns
  10 yaks
  A basilisk (Lair:2)
  A steam dragon (D:12)
  An acid dragon (D:12)
  A swamp worm (Lair:2)
  9 water moccasins
  3 sky beasts
  2 ice beasts (D:8)
  2 black bears
  19 orc warriors
  3 phantoms
  6 ogres
  5 wolves
  2 centaurs (D:7)
  A gnoll sergeant (D:9)
  11 bullfrogs
  5 scorpions
  11 killer bees
  8 wights
  9 howler monkeys
  An electric eel (Lair:2)
  7 crimson imps (D:10)
  A quasit (D:8)
  6 hounds
  Crazy Yiuf (D:5)
  6 orc priests
  A bullfrog skeleton (D:12)
  Ijyb (D:5)
  3 iguanas
  13 orc wizards
  12 worker ants
  A killer bee zombie (D:7)
  2 hound zombies
  A howler monkey zombie (D:10)
  A worker ant zombie (D:6)
  15 gnolls
  A howler monkey skeleton (D:9)
  15 adders
  3 shadow imps
  4 white imps
  5 ufetubi
  2 adder skeletons (D:8)
  An adder zombie (D:9)
  4 worms
  2 dart slugs
  4 leopard geckos
  76 orcs
  3 ball pythons
  8 bats
  9 giant cockroaches
  2 gnoll zombies (D:9)
  32 goblins
  14 hobgoblins
  10 jackals
  5 quokkas
  3 frilled lizards
  7 kobolds
  A quokka skeleton (D:6)
  A quokka zombie (D:5)
  3 rats
451 creatures vanquished.

Vanquished Creatures (others)
  7 fungi
  20 plants
27 creatures vanquished.

Grand Total: 478 creatures vanquished

Notes
Turn   | Place    | Note
-------+----------+-------------------------------------------
     0 | D:1      | wakim the Merfolk Transmuter began the quest for the Orb.
     0 | D:1      | Reached XP level 1. HP: 15/15 MP: 3/3
   210 | D:1      | Reached XP level 2. HP: 21/21 MP: 5/5
   268 | D:1      | Reached skill level 3 in Dodging
  1003 | D:2      | Reached XP level 3. HP: 11/26 MP: 6/6
  1025 | D:2      | Found a snail-covered altar of Cheibriados.
  1131 | D:2      | Became a worshipper of Cheibriados the Contemplative
  1185 | D:2      | Learned a level 2 spell: Wereblood
  1259 | D:2      | Found a shimmering blue altar of Sif Muna.
  2152 | D:3      | Reached XP level 4. HP: 20/33 MP: 7/7
  2350 | D:3      | Found a shimmering altar of Xom.
  2355 | D:3      | Reached * piety under Cheibriados
  2366 | D:3      | Found a shadowy altar of Dithmenos.
  2367 | D:3      | Found a sparkling altar of Nemelex Xobeh.
  2588 | D:3      | Reached skill level 4 in Dodging
  2855 | D:3      | Reached XP level 5. HP: 33/38 MP: 5/8
  2944 | D:3      | Reached ** piety under Cheibriados
  3251 | D:4      | Noticed Sigmund
  3258 | D:4      | Killed Sigmund
  3259 | D:4      | Reached XP level 6. HP: 40/46 MP: 8/10
  3311 | D:4      | Found a staircase to the Ecumenical Temple.
  3351 | D:4      | Reached skill level 1 in Throwing
  3351 | D:4      | Reached skill level 5 in Dodging
  3963 | Temple   | Entered the Ecumenical Temple
  3983 | D:5      | Entered Level 5 of the Dungeon
  3983 | D:5      | Noticed Ijyb
  3986 | D:5      | Killed Ijyb
  4090 | D:5      | Found a broken altar of Ashenzari.
  4116 | D:5      | Noticed Grinder
  4206 | D:5      | Reached skill level 5 in Transmutations
  4206 | D:5      | Reached XP level 7. HP: 39/51 MP: 10/12
  4378 | D:5      | HP: 2/52 [ogre/+0 giant club (18)]
  4669 | D:5      | Learned a level 3 spell: Spider Form
  4873 | D:5      | Found a runed translucent door.
  4874 | D:5      | Noticed Crazy Yiuf
  5155 | D:5      | Killed Grinder
  5155 | D:5      | Reached *** piety under Cheibriados
  5156 | D:5      | Reached XP level 8. HP: 32/59 MP: 10/14
  5443 | D:5      | Found a runed translucent door.
  5443 | D:5      | Noticed a tengu warrior
  5444 | D:5      | Noticed Amaterasu's ghost (novice GrFi)
  5545 | D:5      | Killed Crazy Yiuf
  5546 | D:5      | Reached skill level 6 in Dodging
  5780 | D:6      | Reached skill level 5 in Unarmed Combat
  5916 | D:6      | Noticed a yak
  5916 | D:6      | Noticed a yak
  5916 | D:6      | Noticed a yak
  5921 | D:6      | Noticed a yak
  5922 | D:6      | Noticed a yak
  5932 | D:6      | Killed a yak
  5938 | D:6      | Killed a yak
  5939 | D:6      | Reached skill level 5 in Spellcasting
  5943 | D:6      | Killed a yak
  5944 | D:6      | Reached XP level 9. HP: 50/65 MP: 13/16
  5955 | D:6      | Reached skill level 7 in Dodging
  6109 | D:6      | Learned a level 5 spell: Blade Hands
  6395 | D:6      | Found a shadowy altar of Dithmenos.
  6482 | D:6      | Identified the Compendium of Noxious Weightlessness
  6486 | D:6      | Learned a level 1 spell: Sting
  6713 | D:7      | Found a white marble altar of Elyvilon.
  6713 | D:7      | Found a runed translucent door.
  6713 | D:7      | Noticed an angel
  6883 | D:7      | Reached **** piety under Cheibriados
  6884 | D:7      | Reached skill level 1 in Poison Magic
  6884 | D:7      | Reached skill level 1 in Invocations
  7176 | D:7      | Reached skill level 5 in Fighting
  7311 | D:7      | Reached XP level 10. HP: 51/74 MP: 12/18
  7685 | D:7      | Found a stormy altar of Qazlal.
  7886 | D:8      | Reached ***** piety under Cheibriados
  8021 | D:8      | Noticed a skeletal warrior
  8035 | D:8      | Killed a skeletal warrior
  8036 | D:8      | Reached skill level 8 in Dodging
  8038 | D:8      | Noticed a skeletal warrior
  8043 | D:8      | Noticed a skeletal warrior
  8047 | D:8      | Killed a skeletal warrior
  8052 | D:8      | Killed a skeletal warrior
  8366 | D:8      | Noticed a skeletal warrior
  8375 | D:8      | Killed a skeletal warrior
  8793 | D:8      | Learned a level 4 spell: Ice Form
  8924 | D:8      | Found a burning altar of Makhleb.
  8968 | D:9      | Reached XP level 11. HP: 64/82 MP: 15/20
  9015 | D:9      | Noticed Harold
  9036 | D:9      | Killed Harold
  9037 | D:9      | Reached skill level 10 in Transmutations
  9037 | D:9      | Reached skill level 1 in Ice Magic
  9622 | D:9      | Found a basalt altar of Yredelemnul.
  9674 | D:9      | Noticed Erica
  9693 | D:9      | Killed Erica
  9694 | D:9      | Reached skill level 9 in Dodging
  9694 | D:9      | Reached skill level 5 in Invocations
  9946 | D:9      | Found Ischistrui's Assorted Antiques.
 10004 | D:9      | Found a staircase to the Orcish Mines.
 10129 | D:10     | Entered Level 10 of the Dungeon
 10162 | D:10     | Noticed Psyche
 10169 | D:10     | Killed Psyche
 10172 | D:10     | Noticed a two-headed ogre
 10187 | D:10     | Killed a two-headed ogre
 10188 | D:10     | Reached skill level 10 in Unarmed Combat
 10552 | D:10     | Reached ****** piety under Cheibriados
 10582 | D:10     | Reached skill level 10 in Dodging
 10638 | D:10     | Found a staircase to the Lair.
 10857 | D:11     | Noticed a white ugly thing
 10863 | D:11     | Killed a white ugly thing
 10919 | D:11     | Noticed a cyclops
 10927 | D:11     | Killed a cyclops
 11315 | D:11     | Noticed a two-headed ogre
 11326 | D:11     | Killed a two-headed ogre
 11327 | D:11     | Reached XP level 12. HP: 65/91 MP: 14/21
 11695 | D:11     | Reached skill level 11 in Dodging
 11840 | D:11     | Got a wizard robe
 11843 | D:11     | Identified the cursed +1 robe "Opiq" {rElec Stlth+} (You
                  | found it on level 11 of the Dungeon)
 12324 | D:12     | Noticed a seven-headed hydra
 12387 | D:12     | Found a flagged portal.
 12418 | D:11     | Killed a seven-headed hydra
 12716 | Bailey   | Entered a bailey
 12900 | Bailey   | Reached skill level 12 in Dodging
 13064 | Bailey   | Noticed an orc warlord
 13082 | Bailey   | Killed an orc warlord
 13112 | Bailey   | Identified the Collected Works on the Creative Frostbite
 13186 | Bailey   | Reached skill level 13 in Dodging
 13186 | Bailey   | Reached XP level 13. HP: 101/101 MP: 22/22
 13285 | D:12     | Noticed Fannar
 13294 | D:12     | Killed Fannar
 13825 | Lair:1   | Entered Level 1 of the Lair of Beasts
 14027 | Lair:1   | Reached skill level 14 in Dodging
 14197 | Lair:1   | Reached skill level 10 in Fighting
 14584 | Lair:1   | Reached XP level 14. HP: 110/110 MP: 17/23
 14857 | Lair:1   | Reached XP level 15. HP: 117/117 MP: 24/24
 14865 | Lair:2   | Noticed Maggie
 14871 | Lair:2   | Killed Maggie
 14984 | Lair:2   | Noticed Nergalle
 14990 | Lair:2   | Killed Nergalle
 14991 | Lair:2   | Reached skill level 15 in Dodging
 15378 | Lair:2   | Found a staircase to the Swamp.
 15889 | Lair:3   | Found a hazy altar of Hepliaklqana.
 15946 | Lair:3   | Noticed Luuwnalu's ghost (journeyman KoHu)
 16006 | Lair:3   | Found a runed translucent gate.
 16007 | Lair:3   | Found a runed translucent gate.
 16014 | Lair:3   | Found a runed translucent gate.
 16124 | Lair:3   | HP: 1/119 [basilisk (6)]
 16124 | Lair:3   | Slain by a six-headed hydra

Illustrated notes

Levels and vault maps discovered:
D:1:      beargit_arrival_greenhouse, layout_basic, kennysheep_crisscross
D:2:      layout_loops_cross, lemuel_crystal_altar, led_sif_pool
D:3:      layout_basic, chequers_temple_overflow_statue_of_worship
D:4:      layout_loops_ring, minmay_temple_entry_overgrown, uniq_sigmund
D:5:      minmay_thinvault, layout_loops_ring, ashenzari_altar_1,
          ebering_ghost_inner_flame, uniq_grinder, uniq_ijyb,
          uniq_crazy_yiuf_cottage
D:6:      layout_basic, nicolae_dithmenos_through_a_glass_darkly
D:7:      layout_loops_ring, marbit_many_paths, lemuel_angel_altar
D:8:      layout_loops_ring, lemuel_coloured_pillars_altar
D:9:      layout_basic, lemuel_zombie_altar_yredelemnul, serial_shops,
          nicolae_shop_behind_doors, uniq_harold, uniq_erica
D:10:     layout_long_grid, grunt_lair_entry_orc_guard_hut, minmay_nine_imps,
          uniq_psyche
D:11:     layout_basic, hangedman_abyss_or_decor_clamps, minmay_statue_bubble
D:12:     layout_loops_ring, enter_bailey_5, hex_tiny, uniq_fannar
Temple:   minmay_temple_curvy_branch
Lair:1:   minmay_lair_oklob_tunnel, layout_concentric_octagons, st_stairs_3,
          minmay_lair_oklob_chamber, infiniplex_staircase_pool_2
Lair:2:   layout_cave_shapes, nicolae_swamp_entry_splash_gauntlet,
          uniq_nergalle, uniq_maggie
Lair:3:   layout_small_grid, minmay_snake_entry_six_corridors, basic_altar,
          maelrawn_ghost_gauntlet_escape

Skill      XL: |  1  2  3  4  5  6  7  8  9 10 11 12 13 14 15 |
---------------+----------------------------------------------+-----
Transmutations | 3 4 5 6 7 8 9 10 | 10.0
Dodging        | 3 4 5 6 7 8 10 13 14 15 | 15.2
Fighting       | 2 3 4 5 6 7 9 10 11 | 11.2
Unarmed Combat | 4 5 7 9 10 13 14 | 14.1
Spellcasting   | 3 4 5 6 |  6.0
Throwing       | 1 2 3 4 |  4.0
Poison Magic   | 2 4 |  4.0
Invocations    | 2 4 5 6 |  6.5
Ice Magic      | 3 4 |  4.0
Shields        | 2 3 |  3.0

Action                   |  1- 3 |  4- 6 |  7- 9 | 10-12 | 13-15 || total
-------------------------+-------+-------+-------+-------+-------++-------
Melee: Unarmed           |    11 |     8 |   252 |   569 |   203 ||  1043
       Mace              |    66 |       |       |       |       ||    66
       Punch             |     2 |     2 |     5 |    11 |     6 ||    26
       Long sword        |    22 |    81 |    23 |       |       ||   126
       Headbutt          |       |     2 |       |       |       ||     2
Throw: Dart              |     2 |    11 |    11 |       |       ||    24
       Stone             |       |    30 |    33 |       |       ||    63
 Cast: Wereblood         |     1 |     3 |     4 |    28 |     3 ||    39
       Beastly Appendage |       |     2 |       |       |       ||     2
       Spider Form       |       |       |     9 |    27 |    10 ||    46
       Blade Hands       |       |       |     8 |    11 |     6 ||    25
       Sting             |       |       |       |     2 |       ||     2
       Ice Form          |       |       |       |     1 |       ||     1
Invok: Temporal Distorti |       |       |       |     1 |       ||     1
  Use: Scroll            |       |       |    17 |     2 |     1 ||    20
       Potion            |       |       |     4 |     4 |     1 ||     9
 Stab: Sleeping          |     2 |       |     2 |     1 |       ||     5
Armor: Robe              |     6 |       |       |       |       ||     6
       Leather armour    |    17 |    36 |    50 |     3 |       ||   106
       Skin              |       |       |     8 |    26 |    16 ||    50
       Ring mail         |       |       |       |    42 |       ||    42
       Chain mail        |       |       |       |     9 |    31 ||    40
Dodge: Dodged            |   111 |    91 |   240 |   668 |   329 ||  1439
Block: Kite shield       |       |       |       |       |    19 ||    19
       Rpst.: Long sword |     5 |    24 |     7 |       |       ||    36
